 Dungeon Sprint DCSS version 0.18.1-50-g88ac8fd (webtiles) character file.

16322 varam the Severer (level 12, -4/86 HPs)
             Began as a Kobold Berserker on Oct 10, 2016.
             Was the Champion of Okawaru.
             Slain by an alligator snapping turtle (25 damage)
             ... in the Dungeon (Sprint V: "Ziggurat Sprint").
             The game lasted 00:12:57 (1607 turns).

varam the Severer (Kobold Berserker)                Turns: 1607, Time: 00:12:57

Health: -4/86      AC: 24    Str: 37    XL:     12   Next: 68%
Magic:  16/17      EV: 19    Int:  5    God:    Okawaru [******]
Gold:   0          SH:  0    Dex: 17    Spells: 0 memorised, 11 levels left

rFire  + + .     SeeInvis +     a - +14 obsidian axe {chop, +Fly Str+3 SInv *Curse} (curse)
rCold  + . .     Gourm    .     K - +5 gold dragon armour
rNeg   + . .     Faith    .     (shield currently unavailable)
rPois  +         Spirit   .     (no helmet)
rElec  +         Dismiss  .     (no cloak)
rCorr  .         Reflect  .     (no gloves)
SustAt .         Harm     .     X - +0 pair of boots {Stlth+}
MR     +....     NoTele   +     P - amulet "Omoy" {Fragile +Rage +Inv +Fly rElec}
Stlth  ..........               x - ring of Propriety {rElec rF+ rN+ MR+ Str+4}
                                z - +6 ring of strength

@: mighty, exhausted, mesmerised, slowed, studying 3 skills, very slow, somewhat
resistant to hostile enchantments, extremely unstealthy
A: carnivore 3, low mp 1
a: Heroism, Finesse, Renounce Religion, Evoke Berserk Rage, Evoke Invisibility,
Evoke Flight


You were in the Dungeon.
You worshipped Okawaru.
Okawaru was exalted by your worship.
You were full.

You visited 1 branch

Inventory:

Hand Weapons
 a - the cursed +14 obsidian axe (weapon) {chop, +Fly Str+3 SInv *Curse}
   (You found it in the Dungeon)

   It inflicts extra damage upon your enemies.
   It affects your strength (+3).
   It lets you see invisible.
   It lets you fly.
   It may re-curse itself when equipped.
   It has a curse placed upon it.
 y - a +3 lajatang of speed
 I - a +5 broad axe
 J - a +5 demon whip
 T - the +5 demon whip "Spellbinder" {antimagic, MR+}
   (You found it in the Dungeon)

   It disrupts the flow of magical energy around spellcasters and certain
   magical creatures (including the wielder).
   It affects your resistance to hostile enchantments.
 W - a +6 hand crossbow of flaming
Armour
 K - a +5 gold dragon armour (worn)
 X - a +0 pair of boots of stealth (worn)
Rods
 b - a +3 rod of shadows (9/9)
   (You found it in the Dungeon)
 Q - a +6 rod of ignition (14/14)
   (You found it in the Dungeon)
Jewellery
 x - the ring of Propriety (right hand) {rElec rF+ rN+ MR+ Str+4}
   (You found it in the Dungeon)

   [ring of protection from magic]

   It affects your strength (+4).
   It protects you from fire.
   It insulates you from electricity.
   It protects you from negative energy.
   It affects your resistance to hostile enchantments.
 z - a +6 ring of strength (left hand)
 P - the amulet "Omoy" (around neck) {Fragile +Rage +Inv +Fly rElec}
   (You found it in the Dungeon)

   [amulet of rage]

   It insulates you from electricity.
   It lets you turn invisible.
   It lets you fly.
   It lets you go berserk.
   It will be destroyed if unequipped.
 R - an uncursed ring of protection from fire
 S - the amulet "Iracorch" {+Rage rC+ MR+ MP+9 Dex-3}
   (You found it in the Dungeon)

   [amulet of rage]

   It affects your dexterity (-3).
   It protects you from cold.
   It affects your resistance to hostile enchantments.
   It affects your magic capacity (+9).
   It lets you go berserk.
Wands
 B - a wand of disintegration (7/24)
 C - a wand of iceblast (5/15)
 D - a wand of lightning (5/15)
 E - a wand of acid (5/15)
Scrolls
 i - 4 scrolls of blinking
 p - 3 scrolls of recharging
 q - 7 scrolls of fog
 r - 2 scrolls of holy word
 s - 5 scrolls of identify
 t - 5 scrolls of remove curse
 u - 2 scrolls of fear
 L - 4 scrolls of amnesia
 U - 4 scrolls of enchant weapon
Potions
 d - 9 potions of curing
 e - 12 potions of heal wounds
 f - 5 potions of haste
 g - 7 potions of magic
 h - 2 potions of berserk rage
 j - 2 potions of brilliance
 k - 2 potions of invisibility
 l - 4 potions of resistance
 m - a potion of experience
 n - 4 potions of agility
 o - 3 potions of might
Books
 v - a manual of Staves
 A - a manual of Maces & Flails
 M - a manual of Staves
 O - a manual of Staves
 Z - a manual of Throwing
Miscellaneous
 w - a phial of floods
 F - an ornate deck of changes
 G - a stone of tremors
 N - a fan of gales
 Y - a plain deck of changes
Comestibles
 c - 5 meat rations
 V - 3 royal jellies


   Skills:
 - Level 14.7 Fighting
 * Level 17.7 Axes
 - Level 11.0 Armour
 - Level 14.9 Dodging
 - Level 9.6 Evocations


You had 11 spell levels left.
You didn't know any spells.

Dungeon Overview and Level Annotations

Branches:
Dungeon (1/1)

Altars:
Ashenzari
Cheibriados
Dithmenos
Elyvilon
Fedhas
Gozag
Kikubaaqudgha
Makhleb
Nemelex Xobeh
Okawaru
Pakellas
Qazlal
Ru
Sif Muna
Trog
Vehumet
Xom
Yredelemnul
Zin
The Shining One
Beogh
Jiyva
Lugonu


Innate Abilities, Weirdness & Mutations

You are small and have problems with some larger weapons.
You are carnivorous and can eat meat at any time.
Your magical capacity is low (-10% MP).


Message History

You slash the alligator snapping turtle!
The alligator snapping turtle is heavily wounded.
The snapping turtle bites you from afar!
* * * LOW HITPOINT WARNING * * *
Unknown command.
You are too injured to fight recklessly!
Unknown command.
You are too injured to fight recklessly!
Unknown command.
You cannot move away from the alligator snapping turtle!
You slash the alligator snapping turtle!
The alligator snapping turtle is heavily wounded.
You are no longer berserk.
You are exhausted.
You feel yourself slow down.
The merfolk impaler hits your smoke demon with a +3 vampiric morningstar!!
Your smoke demon dies!
Your red devil hits the alligator snapping turtle but does no damage.
The alligator snapping turtle bites you from afar!!
You die...

▓..... ▓...≈8©8.
▓..... ▓.≈≈[[))}
▓.▓... ▓...))}[[
▓....%
▓≈...≈...≈.≈▓▓▓▓▓▓
▓....≈......▓...8©
▓cmt≈≈...≈.≈▓..:==
▓t≈tm.≈..≈≈ ▓....3
▓@4▓t..≈.▓ ▓.....
▓4▓▓▓.≈≈▓▓ ▓.....
▓(§▓≈≈≈..▓..▓.....
▓≈.....≈....▓...[.
▓▓▓▓▓▓▓▓▓▓▓▓▓.▓.[.
▓....8©8....▓.....
▓..)=.[)[...▓▓▓▓▓▓
▓...[..[)...▓...8©
▓...........▓..}|:


You could see 2 alligator snapping turtles, 2 merfolk impalers, a satyr, a
snapping turtle, a friendly sixfirhy and a friendly red devil.

Vanquished Creatures
  A lich (D)
  A balrug (D)
  An emperor scorpion (D)
  2 reapers (D)
  An alligator snapping turtle (D)
  2 merfolk aquamancers (D)
  A wolf spider (D)
  A griffon (D)
  A hornet (D)
  A moth of wrath (D)
  A rust devil (D)
  2 rime drakes (D)
  A demonic crawler (D)
  3 polar bears (D)
  A two-headed ogre (D)
  3 jumping spiders (D)
  3 flying skulls (D)
  2 shadows (D)
  3 air elementals (D)
  2 spriggans (D)
  A tarantella (D)
  A steam dragon (D)
  A neqoxec (D)
  A small abomination (D)
  An insubstantial wisp (D)
  A mottled dragon (D)
  A naga (D)
  2 hell hounds (D)
  A porcupine (D)
  6 black bears (D)
  A swamp drake (D)
  A wasp (D)
  A phantom (D)
  An ogre (D)
  4 wolves (D)
  2 wights (D)
  2 crimson imps (D)
  2 mummies (D)
  A river rat (D)
  An adder (D)
  2 shadow imps (D)
  2 white imps (D)
  6 adder skeletons (D)
  An adder zombie (D)
  3 bat skeletons (D)
  3 bat zombies (D)
  3 ball pythons (D)
  A giant cockroach zombie (D)
  4 giant gecko zombies (D)
  A quokka skeleton (D)
91 creatures vanquished.

Vanquished Creatures (collateral kills)
  An orb spider (D)
  A griffon (D)
  A moth of wrath (D)
  A rime drake (D)
  2 wind drakes (D)
  A steam dragon (D)
  2 phantoms (D)
9 creatures vanquished.

Vanquished Creatures (others)
  A spatial maelstrom (D)
  A wind drake (D)
2 creatures vanquished.

Grand Total: 102 creatures vanquished

Notes
Turn   | Place    | Note
--------------------------------------------------------------
     0 | D        | varam the Kobold Berserker began the quest for the Orb.
     0 | D        | Reached XP level 1. HP: 14/14 MP: 1/1
     2 | D        | Found an iron altar of Okawaru.
     2 | D        | Found a radiant altar of Vehumet.
     2 | D        | Found a burning altar of Makhleb.
     2 | D        | Found a shimmering altar of Xom.
     2 | D        | Found a deep blue altar of Sif Muna.
     3 | D        | Found a bloodstained altar of Trog.
     4 | D        | Found a corrupted altar of Lugonu.
     4 | D        | Found a roughly hewn altar of Beogh.
     4 | D        | Found a white marble altar of Elyvilon.
     4 | D        | Found a viscous altar of Jiyva.
     4 | D        | Found a sparkling altar of Nemelex Xobeh.
     6 | D        | Banished a spatial maelstrom
    71 | D        | Fell from the grace of Trog
    71 | D        | Became a worshipper of Warmaster Okawaru
    89 | D        | Entered arena 1.
    91 | D        | Reached skill level 3 in Axes
    91 | D        | Reached XP level 2. HP: 20/20 MP: 2/2
    94 | D        | Reached skill level 5 in Fighting
    94 | D        | Reached skill level 4 in Axes
    94 | D        | Reached XP level 3. HP: 26/26 MP: 3/3
    99 | D        | Entered arena 2.
    99 | D        | Noticed a wight
   104 | D        | Killed a wight
   104 | D        | Reached skill level 5 in Axes
   104 | D        | Reached XP level 4. HP: 32/32 MP: 4/4
   115 | D        | Entered arena 3.
   115 | D        | Noticed a wolf
   115 | D        | Noticed a porcupine
   115 | D        | Noticed a wolf
   120 | D        | Killed a wolf
   120 | D        | Reached * piety under Okawaru
   120 | D        | Reached skill level 6 in Axes
   120 | D        | Reached skill level 5 in Dodging
   120 | D        | Reached XP level 5. HP: 29/38 MP: 5/5
   122 | D        | Killed a porcupine
   122 | D        | Reached skill level 7 in Axes
   122 | D        | Reached XP level 6. HP: 34/44 MP: 6/6
   123 | D        | Killed a wolf
   123 | D        | Reached ** piety under Okawaru
   123 | D        | Reached skill level 8 in Axes
   135 | D        | Entered arena 4.
   135 | D        | Noticed a hell hound
   137 | D        | Killed a hell hound
   137 | D        | Reached skill level 5 in Armour
   137 | D        | Reached XP level 7. HP: 41/50 MP: 7/7
   138 | D        | Reached skill level 9 in Axes
   193 | D        | Entered arena 5.
   193 | D        | Noticed a naga
   207 | D        | Killed a naga
   208 | D        | Noticed a polar bear
   208 | D        | Noticed a polar bear
   214 | D        | Killed a polar bear
   219 | D        | Killed a polar bear
   449 | D        | Got the amulet "Omoy" {Fragile +Rage +Inv +Fly rElec}
   455 | D        | Got the cursed -4 cloak of Existentialism {Stlth+}
   457 | D        | Entered arena 6.
   457 | D        | Noticed a wind drake
   457 | D        | Noticed an insubstantial wisp
   457 | D        | Noticed a wind drake
   457 | D        | Noticed an air elemental
   457 | D        | Noticed an air elemental
   457 | D        | Noticed an air elemental
   459 | D        | Killed an air elemental
   459 | D        | Reached skill level 10 in Axes
   459 | D        | Reached XP level 8. HP: 46/57 MP: 8/8
   460 | D        | Killed an air elemental
   463 | D        | Killed a wind drake
   463 | D        | Reached skill level 10 in Fighting
   468 | D        | Killed an air elemental
   468 | D        | Killed a wind drake
   468 | D        | Reached *** piety under Okawaru
   468 | D        | Reached skill level 11 in Axes
   470 | D        | Reached XP level 9. HP: 30/63 MP: 6/9
   480 | D        | Got the amulet "Iracorch" {+Rage rC+ MR+ MP+9 Dex-3}
   483 | D        | Got the ring "Mycwev" {+Inv rElec AC+2 Slay-2}
   647 | D        | Entered arena 7.
   652 | D        | Reached skill level 10 in Dodging
   652 | D        | Noticed an orange demon
   656 | D        | Gained mutation: Your magical capacity is low (-10% MP). [a neqoxec]
   707 | D        | Entered arena 8.
   707 | D        | Noticed a rime drake
   707 | D        | Noticed a rime drake
   707 | D        | Noticed a rime drake
   711 | D        | Killed a rime drake
   711 | D        | Reached skill level 12 in Axes
   716 | D        | Killed a rime drake
   716 | D        | Reached **** piety under Okawaru
   719 | D        | Killed a rime drake
   732 | D        | Got the ring of Cuunk {Fire rN+ Int+2 Dex+7}
   781 | D        | Entered arena 9.
   781 | D        | Noticed a spriggan rider
   784 | D        | Reached XP level 10. HP: 71/71 MP: 9/9
   787 | D        | Reached skill level 13 in Axes
   790 | D        | Reached ***** piety under Okawaru
   793 | D        | Killed a spriggan rider
   849 | D        | Entered arena 10.
   859 | D        | Reached skill level 1 in Evocations
   891 | D        | Entered arena 11.
   891 | D        | Noticed a balrug
   893 | D        | Noticed a lich
   897 | D        | Noticed a phantasmal warrior
   904 | D        | Killed a balrug
   904 | D        | Received a gift from Okawaru
   904 | D        | Reached skill level 14 in Axes
   904 | D        | Reached XP level 11. HP: 77/77 MP: 9/12
   910 | D        | Killed a lich
   927 | D        | Identified the Compendium of Enchanting Evil Arts (You found it in the Dungeon)
  1010 | D        | Entered arena 12.
  1010 | D        | Noticed a moth of wrath
  1010 | D        | Noticed a wolf spider
  1011 | D        | Noticed a moth of wrath
  1011 | D        | Noticed an orb spider
  1012 | D        | Noticed a hornet
  1013 | D        | Noticed an emperor scorpion
  1015 | D        | Reached skill level 15 in Axes
  1018 | D        | Reached skill level 10 in Armour
  1019 | D        | Killed a wolf spider
  1020 | D        | Killed a hornet
  1020 | D        | Received a gift from Okawaru
  1022 | D        | Reached ****** piety under Okawaru
  1025 | D        | Killed a moth of wrath
  1031 | D        | Killed an emperor scorpion
  1033 | D        | Killed a moth of wrath
  1038 | D        | Killed an orb spider
  1038 | D        | Reached XP level 12. HP: 52/85 MP: 16/16
  1050 | D        | Got the ring of Propriety {rElec rF+ rN+ MR+ Str+4}
  1167 | D        | Entered arena 13.
  1168 | D        | Noticed a reaper
  1169 | D        | Noticed a reaper
  1178 | D        | Reached skill level 16 in Axes
  1189 | D        | Killed a reaper
  1192 | D        | Killed a reaper
  1192 | D        | Received a gift from Okawaru
  1575 | D        | Entered arena 14.
  1582 | D        | Noticed an alligator snapping turtle
  1582 | D        | Noticed a merfolk aquamancer
  1582 | D        | Noticed a merfolk aquamancer
  1583 | D        | Noticed a satyr
  1587 | D        | Noticed an alligator snapping turtle
  1587 | D        | Noticed an alligator snapping turtle
  1588 | D        | Killed a merfolk aquamancer
  1589 | D        | Noticed a merfolk impaler
  1590 | D        | Killed a merfolk aquamancer
  1590 | D        | Reached skill level 17 in Axes
  1599 | D        | Killed an alligator snapping turtle
  1600 | D        | Noticed a merfolk impaler
  1607 | D        | Slain by an alligator snapping turtle

Skill      XL: |  1  2  3  4  5  6  7  8  9 10 11 12 |
---------------+-------------------------------------+-----
Fighting       | 4 5 6 7 8 9 10 11 12 14 | 14.7
Axes           | 3 4 5 6 7 8 10 11 12 14 15 17 | 17.7
Armour         | 2 3 4 5 6 8 9 10 11 | 11.0
Dodging        | 3 5 6 7 8 9 11 12 14 | 14.9
Evocations     | 4 8 9 |  9.6

Action                   |  1- 3 |  4- 6 |  7- 9 | 10-12 || total
-------------------------+-------+-------+-------+-------++-------
Melee: Broad axe         |     7 |     9 |    57 |    91 ||   164
Invok: Heroism           |       |       |     1 |     1 ||     2
 Abil: Evoke Berserk Rag |       |       |     3 |     4 ||     7
  Use: Potion            |       |       |       |     6 ||     6
 Stab: Distracted        |       |       |     1 |       ||     1
       Confused          |       |       |     1 |       ||     1
  Eat: Chunk             |       |       |     1 |    12 ||    13
Armor: Plate armour      |     2 |    14 |    31 |       ||    47
       Gold dragon armou |       |       |    12 |    25 ||    37
Dodge: Dodged            |     4 |    15 |    61 |    81 ||   161
